 Dungeon Crawl Stone Soup version 0.28-a0-1087-gf3fc490d9d (webtiles) character file.

Game seed: 5550100593933635146

79 ytrimaz the Insei (level 4, -10/43 HPs)
             Began as an Octopode Transmuter on Dec 10, 2021.
             Mangled by a gnoll (13 damage)
             ... on level 2 of the Dungeon.
             The game lasted 00:02:02 (3113 turns).

ytrimaz the Insei (Octopode Transmuter)             Turns: 3113, Time: 00:02:04

Health: -10/43     AC:  1    Str:  9    XL:     4   Next: 38%
Magic:  7/7        EV: 13    Int: 17    God:
Gold:   23         SH:  0    Dex: 12    Spells: 1/7 levels left

rFire   . . .      SeeInvis .     - Unarmed
rCold   . . .      Faith    .   (no shield)
rNeg    . . .      Spirit   .   (helmet restricted)
rPois   .          Reflect  .   (no amulet)
rElec   .          Harm     .   (no ring)
rCorr   .          Rampage  .   (no ring)
Will    .....                   (no ring)
Stlth   ..........              (no ring)
HPRegen 0.14/turn               (no ring)
MPRegen 0.10/turn               (no ring)
                                (no ring)
                                (no ring)

@: berserking, very quick
A: almost no armour, amphibious, 8 rings, camouflage 1, gelatinous body 1,
(nimble swimmer 1), tentacles
a: no special abilities


You were on level 2 of the Dungeon.
You visited 1 branch of the dungeon, and saw 2 of its levels.

You collected 23 gold pieces.

You aren't carrying anything.


   Skills:
 * Level 1.8 Fighting
 - Level 2.0 Dodging
 + Level 4.0 Unarmed Combat
 * Level 2.4 Spellcasting
 * Level 2.4 Transmutations
 * Level 1.0 Poison Magic


You had one spell level left.
You knew the following spells:

 Your Spells              Type           Power      Damage    Failure   Level
a - Beastly Appendage     Tmut           20%        N/A       7%          1
b - Wereblood             Tmut           10%        N/A       11%         2
c - Spider Form           Tmut/Pois      7%         N/A       26%         3

Your spell library contained the following spells:

 Spells                   Type           Power      Damage    Failure   Level
 Stone Arrow              Conj/Erth      4%         3d7       50%         3
 Ice Form                 Ice/Tmut       6%         N/A       73%         4
 Lehudib's Crystal Spear  Conj/Erth      1%         10d2      100%        8
 Animate Armour           Summ/Erth      Unusable   N/A       N/A         4

Dungeon Overview and Level Annotations

Branches:
Dungeon (2/15)

Altars:


Innate Abilities, Weirdness & Mutations

You cannot wear most types of armour.
You are amphibious.
You can wear up to eight rings at the same time.
Your skin changes colour to match your surroundings (Stealth+).
Your rubbery body absorbs attacks. (AC +1, EV +1)
((You are camouflaged near water. (Stealth+)))
You have tentacles for arms and can constrict up to eight enemies at once.


Message History

Unknown command.
A quokka comes into view.
There are monsters nearby!
A gnoll comes into view. It is wielding a +0 whip.
The quokka twitches its whiskers.
There are monsters nearby!
A gnoll comes into view. It is wielding a +0 flail.
The gnoll shouts!
The gnoll hits you with a +0 halberd.
A gnoll comes into view. It is wielding a +0 club.
There are monsters nearby!
The gnoll shouts! x2
You tentacle-slap the gnoll but do no damage.
Your grab misses the gnoll. You squeeze the gnoll.
The gnoll is moderately wounded.
The gnoll hits you with a +0 halberd!
You are too injured to fight recklessly!
Unknown command.
The gnoll hits you from afar with a +0 halberd.
* * * LOW HITPOINT WARNING * * *
Unknown command.
The quokka bites you.
* * * LOW HITPOINT WARNING * * *
You aren't carrying any scrolls.
Unknown command.
The quokka bites you.
* * * LOW HITPOINT WARNING * * *
The quokka bites you.
* * * LOW HITPOINT WARNING * * *
Casting: Spider Form (quite dangerous; 26% risk of failure)
Confirm with . or Enter, or press ? or * to list all spells.
You don't know that spell.
It was a potion of magic.
Magic courses through your body. The quokka barely misses you.
The gnoll completely misses you. The quokka barely misses you.
It was a potion of berserk rage.
A red film seems to cover your vision as you go berserk!
You feel yourself moving faster!
You feel mighty!
The gnoll hits you from afar with a +0 halberd!
You die...

..... #.........###.# #..#. .....
#.........#...#####.#. ##
......#.........#...'.......
g######.#..#....†....#...######..
.##..........######..'...'..# #..
.##.###.#..#.#########...##.# ##.
g##.# #........†.....#...##.# #>
.##.# #.#....#######.#......#####
.##.###.#...).gr@................
......#.#..#..######.##.#########
..#.#.#.#..#..# #.##.#
..#.#.#...g...######.##.#
..#.#.g............#.##.#
..).............##.#.##.#
..#.#####....##.##.#.##.#
.............##.##.#.##<#
###.#####.......##.#.####


You could see a gnoll and a quokka.

Vanquished Creatures
  Terence (D:2)
  An adder (D:2)
  A dart slug (D:1)
  A worm (D:2)
  2 bats
  5 endoplasms
  A giant cockroach (D:1)
  3 hobgoblins
  2 quokkas
  5 ball pythons
  3 frilled lizards
  6 goblins
  3 kobolds
  7 rats
41 creatures vanquished.

Notes
Turn   | Place    | Note
-------+----------+-------------------------------------------
     0 | D:1      | ytrimaz the Octopode Transmuter began the quest for the
                  | Orb.
     0 | D:1      | Reached XP level 1. HP: 13/13 MP: 3/3
   239 | D:1      | Reached XP level 2. HP: 6/18 MP: 3/5
  1345 | D:1      | Learned a level 2 spell: Wereblood
  1349 | D:1      | Reached XP level 3. HP: 22/23 MP: 6/6
  1355 | D:1      | Learned a level 3 spell: Spider Form
  2320 | D:2      | Noticed Terence
  2348 | D:2      | Killed Terence
  2349 | D:2      | Reached skill level 4 in Unarmed Combat
  2349 | D:2      | Reached XP level 4. HP: 14/29 MP: 4/7
  2758 | D:2      | Reached skill level 1 in Poison Magic
  3107 | D:2      | HP: 1/29 [quokka (2)]
  3113 | D:2      | Mangled by a gnoll

Illustrated notes

Levels and vault maps discovered:
D:1:      lemuel_arrival_room, layout_rooms
D:2:      layout_basic, uniq_terence

Skill      XL: |  1  2  3  4 |
---------------+-------------+-----
Unarmed Combat | 4 |  4.0
Poison Magic   | 1 |  1.0
Fighting       | |  1.8
Dodging        | |  2.0
Spellcasting   | |  2.4
Transmutations | |  2.4

Action                   |  1- 3 |  4- 6 || total
-------------------------+-------+-------++-------
Melee: Unarmed           |    74 |    15 ||    89
       Constrict         |    18 |     5 ||    23
       Kick              |     2 |       ||     2
       Tentacles         |    13 |     2 ||    15
 Cast: Beastly Appendage |     4 |       ||     4
       Spider Form       |     2 |       ||     2
  Use: Scroll            |     5 |       ||     5
       Potion            |       |     2 ||     2
 Stab: Sleeping          |     1 |     2 ||     3
Armor: Skin              |     4 |     1 ||     5
Dodge: Dodged            |    42 |    10 ||    52

Table legend: (Time is in decaauts)
 A = Elapsed time spent in this place.
 B = Non-inter-level travel time spent in this place.
 C = Inter-level travel time spent in this place.
 D = Time resting spent in this place.
 E = Time spent auto-exploring this place.
 F = Levels seen in this place.
 G = Mean time per level.
                   A        B        C        D        E       F      G
               +--------+--------+--------+--------+--------+-----+--------+
         Total |   3106 |   3094 |     12 |    366 |   2357 |   2 | 1553.0 |
       Dungeon |   3106 |   3094 |     12 |    366 |   2357 |   2 | 1553.0 |
               +--------+--------+--------+--------+--------+-----+--------+

Top non-repeatable levels by time:
     D:2: 1575 daAuts
     D:1: 1530 daAuts
